AoeStats
← mordisquito69

Black Forest

503253437Analyzed
4v4 RM · 1mo ago on Aug 30, 2026· 75m 9s· 8 players
Game mode
Random Map
Map size
Large (8 player)
Population
200
Speed
Normal
Resources
Standard
Victory
Conquest
Starting age
Dark Age
Ending age
Imperial Age
RankedLock teamsTeams togetherTeam positionsShared explorationLock speedFull tech treeHidden civsTurbo modeCheats
Victory
Defeat
🇧🇪 Mongols · Belgium
1147
+15
🇨🇳 Celts · China
1144
+15
🇦🇷 Hindustanis · Argentina
1143
+15
🇹🇷 Khmer · Türkiye
1101
+17
🇺🇸 Mapuche · United States
1133
-16
🇫🇷 Cumans · France
1128
-16
🇲🇽 Hindustanis · Mexico
1114
-15
🇺🇸 Koreans · United States
1098
-14
carlosolares
1:09 Loom
10:06 Feudal Age
10:34 Double-Bit Axe
10:30 Horse Collar
19:49 Castle Age
17:55 Stone Mining
21:11 Bow Saw
21:05 Heavy Plow
32:11 Imperial Age
30:56 Forging
32:09 Wheelbarrow
32:01 Fortified Wall
32:09 Town Watch
33:11 Scale Barding Armor
33:08 Scale Mail Armor
33:31 Hand Cart
33:16 Heavy Camel Rider
35:01 Chemistry
34:04 Town Patrol
34:26 Chain Barding Armor
34:23 Chain Mail Armor
35:09 Iron Casting
35:37 Two-Man Saw
35:21 Conscription
35:46 Plate Barding Armor
35:22 Imperial Camel Rider
36:27 Husbandry
36:39 Bloodlines
38:29 Blast Furnace
38:29 Fletching
38:41 Padded Archer Armor
38:55 Masonry
38:51 Siege Engineers
40:12 Onager
52:49 Caravan
53:40 Light Cavalry
56:16 Elite Skirmisher
57:05 Hussar
ajanderson120
1:08 Loom
11:55 Feudal Age
12:29 Double-Bit Axe
19:23 Castle Age
17:46 Horse Collar
19:11 Stone Mining
27:00 Bow Saw
27:45 Gold Mining
32:01 Wheelbarrow
34:58 Imperial Age
33:19 Hand Cart
33:08 Squires
32:28 Pikeman
33:41 Scale Mail Armor
33:51 Forging
36:06 Chain Mail Armor
36:26 Iron Casting
35:50 Halberdier
36:13 Elite Fire Lancer
39:25 Gold Shaft Mining
38:52 Heavy Plow
39:32 Town Watch
40:34 Plate Mail Armor
40:24 Fletching
41:36 Chemistry
40:58 Ballistics
41:58 Arrowslits
43:52 Murder Holes
43:38 Treadmill Crane
45:22 Siege Engineers
51:29 Caravan
57:17 Masonry
58:11 Thumb Ring
57:27 Crossbowman
58:18 Arbalester
JDTChief
9:54 Loom
11:40 Feudal Age
14:55 Double-Bit Axe
17:43 Castle Age
16:46 Gold Mining
16:42 Horse Collar
16:53 Stone Mining
19:42 Bow Saw
25:58 Heavy Plow
28:46 Wheelbarrow
28:01 Town Watch
28:39 Malon
31:28 Imperial Age
30:48 Malon
31:16 Town Patrol
31:33 Hand Cart
32:02 Caravan
33:22 Conscription
33:13 Onager
36:04 Chemistry
34:56 Fletching
35:11 Padded Archer Armor
37:27 Siege Engineers
38:29 Bodkin Arrow
38:50 Leather Archer Armor
39:18 Elite Skirmisher
41:20 Masonry
41:32 Bombard Tower
42:16 Ballistics
43:29 Ring Archer Armor
44:16 Bombard Tower
44:27 Architecture
43:38 Treadmill Crane
43:53 Murder Holes
47:13 Arrowslits
48:12 Forging
48:03 Scale Mail Armor
54:32 Elite Bolas Rider
55:51 Iron Casting
55:32 Chain Mail Armor
55:41 Butalmapu
63:30 Pikeman
Carot
2:48 Loom
12:14 Feudal Age
13:00 Double-Bit Axe
13:11 Horse Collar
20:55 Castle Age
20:48 Wheelbarrow
20:07 Stone Mining
20:57 Gold Mining
21:52 Bow Saw
22:02 Heavy Plow
28:37 Hand Cart
31:52 Imperial Age
29:59 Bloodlines
30:39 Forging
30:35 Scale Barding Armor
30:20 Pikeman
31:04 Scale Mail Armor
30:47 Capped Ram
32:35 Iron Casting
32:12 Cavalier
33:28 Crop Rotation
34:02 Two-Man Saw
33:27 Halberdier
34:09 Scale Mail Armor
34:10 Town Watch
35:23 Squires
35:10 Arson
36:48 Chain Mail Armor
37:34 Blast Furnace
36:59 Siege Ram
38:23 Plate Mail Armor
38:29 Conscription
38:46 Hoardings
39:14 Paladin
39:31 Light Cavalry
40:47 Caravan
40:58 Guilds
41:12 Chain Barding Armor
42:20 Hussar
50:19 Sanctity
53:10 Plate Barding Armor
52:36 Padded Archer Armor
52:27 Fletching
53:33 Thumb Ring
52:50 Elite Skirmisher
53:38 Thumb Ring
54:47 Leather Archer Armor
58:06 Cuman Mercenaries
57:28 Elite Kipchak
65:53 Ballistics
65:32 Bodkin Arrow
Anomalyflair
0:41 Loom
10:46 Feudal Age
12:32 Padded Archer Armor
12:40 Fletching
12:35 Man-at-Arms
14:46 Scale Mail Armor
14:57 Forging
18:58 Double-Bit Axe
24:32 Castle Age
22:54 Gold Mining
24:25 Horse Collar
24:36 Stone Mining
25:49 Bow Saw
27:08 Wheelbarrow
28:18 Heavy Plow
28:56 Gold Shaft Mining
33:29 Imperial Age
32:03 Scale Barding Armor
32:27 Leather Archer Armor
32:07 Bodkin Arrow
34:30 Bracer
35:49 Onager
38:01 Chain Barding Armor
38:17 Iron Casting
37:28 Cavalier
38:39 Bloodlines
39:40 Pikeman
40:20 Squires
40:17 Heavy Camel Rider
43:21 Light Cavalry
44:30 Caravan
52:08 Blast Furnace
52:44 Ballistics
51:51 Hussar
53:38 Chemistry
55:16 Hand Cart
54:46 Town Watch
58:18 Elite Mangudai
67:31 Capped Ram
B!G SPARKY
13:43 Feudal Age
16:35 Castle Age
15:27 Double-Bit Axe
15:35 Horse Collar
16:34 Loom
26:17 Town Watch
27:17 Wheelbarrow
27:40 Bow Saw
28:11 Town Patrol
29:03 Hand Cart
31:25 Bloodlines
31:16 Husbandry
31:23 Scale Barding Armor
31:41 Heavy Plow
39:58 Imperial Age
38:58 Ballistics
38:48 Fortified Wall
38:49 Masonry
38:42 Padded Archer Armor
38:52 Forging
39:14 Caravan
39:09 Light Cavalry
41:04 Double Crossbow
40:56 Heavy Scorpion
41:55 Pikeman
44:40 Conscription
45:25 Chemistry
46:26 Crop Rotation
45:47 Gold Mining
45:48 Stone Mining
45:36 Hussar
48:25 Halberdier
49:42 Iron Casting
49:08 Scale Mail Armor
51:20 Elite Battle Elephant
55:25 Architecture
55:18 Siege Engineers
56:56 Chain Barding Armor
56:52 Chain Mail Armor
57:38 Blast Furnace
61:20 Devotion
64:57 Plate Barding Armor
64:38 Leather Archer Armor
64:13 Fletching
念
0:52 Loom
13:44 Feudal Age
17:45 Castle Age
16:50 Double-Bit Axe
16:46 Horse Collar
18:37 Bow Saw
18:28 Heavy Plow
27:05 Wheelbarrow
26:49 Town Watch
28:56 Hand Cart
29:03 Gold Mining
29:03 Stone Mining
32:51 Imperial Age
31:18 Gold Shaft Mining
32:00 Scale Mail Armor
32:11 Forging
33:02 Chain Mail Armor
34:06 Stone Shaft Mining
32:55 Capped Ram
33:38 Onager
34:35 Siege Ram
35:51 Siege Engineers
35:27 Treadmill Crane
36:53 Chemistry
36:35 Siege Onager
37:25 Heavy Scorpion
38:25 Caravan
38:36 Guilds
41:31 Furor Celtica
41:42 Conscription
44:38 Plate Mail Armor
44:44 Iron Casting
50:01 Blast Furnace
49:53 Pikeman
50:19 Arson
50:39 Halberdier
54:40 Hoardings
60:40 Fletching
61:15 Masonry
61:02 Murder Holes
62:08 Elite Woad Raider
63:32 Bodkin Arrow
mordisquito69
9:55 Loom
11:41 Feudal Age
13:44 Double-Bit Axe
16:20 Castle Age
14:08 Horse Collar
17:15 Bow Saw
18:15 Heavy Plow
21:29 Wheelbarrow
21:49 Gold Mining
23:31 Gold Shaft Mining
23:54 Stone Mining
24:56 Hand Cart
25:28 Stone Shaft Mining
26:24 Town Watch
29:17 Imperial Age
26:34 Town Watch
27:53 Scale Barding Armor
27:59 Forging
30:03 Chain Barding Armor
30:18 Iron Casting
29:56 Bloodlines
29:21 Heavy Camel Rider
30:02 Husbandry
31:44 Conscription
32:47 Plate Barding Armor
32:35 Grand Trunk Road
32:51 Siege Engineers
33:47 Chemistry
33:08 Ballistics
32:59 Masonry
34:07 Blast Furnace
33:26 Imperial Camel Rider
36:32 Hoardings
37:25 Padded Archer Armor
37:16 Fletching
38:24 Leather Archer Armor
38:52 Bodkin Arrow
40:33 Ring Archer Armor
40:16 Light Cavalry
41:05 Hussar
41:19 Elite Skirmisher
42:05 Thumb Ring
45:05 Shatagni
46:56 Caravan
56:38 Bracer
62:26 Murder Holes
Connection lost

Rejoining the realm…

Still unreachable

The connection could not be restored.

Session expired

The server has moved on; the page needs a fresh start.